 Dungeon Crawl Stone Soup version 0.32-a0-612-g1c984fe9d1 (webtiles) character file.

Game seed: 5349421692212392319

9835 ezpacito the Protected (level 11, -2/129 HPs)
             Began as a Coglin Chaos Knight on Mar 4, 2024.
             Was a Plaything of Xom.
             Slain by a red devil
             ... wielding a +0 trident
              (9 damage)
             ... on level 10 of the Dungeon.
             The game lasted 00:15:41 (9774 turns).

ezpacito the Protected (Coglin Chaos Knight)        Turns: 9774, Time: 00:15:42

Health: -2/129     AC: 25    Str: 15    XL:     11   Next: 52%
Magic:  15/15      EV:  2    Int: 19    God:    Xom [*.....]
Gold:   1012       SH:  0    Dex: 18    Spells: 5/17 levels left

rFire   + . .        z - +12 falchion "Waown" {freeze, +Blink rC+ SInv}
rCold   + + .        x - +11 hand axe of Floods {spect, *Slow Str+2 Int+6}
rNeg    . . .        v - melded +1 steam dragon scales
rPois   +            (helmet currently unavailable)
rElec   +            h - melded +0 cloak
rCorr   +            C - melded +2 pair of gloves
SInv    +            j - melded +0 pair of boots
Will    ++...        (no amulet)
Stlth   +++          (no ring)
HPRegen 0.41/turn    (no ring)
MPRegen 0.14/turn    (no gizmo)

%: slow self (1%)
@: tree-form, resistant, spiked, cleaving, enlightened, slowed, studying Armour,
revved, very slow
A: stationary, stasis, torment immunity, boosted hp, off-hand wielding, slow
wielding, warmup strikes, (no jewellery), see invisible, agile 1, (fire
resistance 1), low MP 1, strong-willed 1, sense surroundings 1, (poison
resistance)
a: Invent Gizmo, Renounce Religion, Evoke Blink


You were on level 10 of the Dungeon.
You worshipped Xom.
You were a special plaything of Xom.
You were a tree.
You visited 2 branches of the dungeon, and saw 11 of its levels.

You collected 1244 gold pieces.
You spent 232 gold pieces at shops.

Inventory:

Hand Weapons
 a - a +0 hand axe of chaos {Pancho}
 w - a +2 morningstar of draining
 x - the +11 hand axe of Floods (offhand) {spect, *Slow Str+2 Int+6}
   (You bought it in a shop on level 8 of the Dungeon)

   Str+2:     It affects your strength (+2).
   Int+6:     It affects your intelligence (+6).
   *Slow:     It may slow you when you take damage.
 z - the +12 falchion "Waown" (weapon) {freeze, +Blink rC+ SInv}
   (You found it on level 2 of the Dungeon)

   rC+:       It protects you from cold.
   SInv:      It lets you see invisible.
   +Blink:    It lets you blink.
Missiles
 c - 4 javelins (quivered)
 f - 13 poisoned darts
 k - 2 throwing nets
 m - 4 darts of dispersal
 o - 6 boomerangs
 E - a curare-tipped dart
Armour
 h - a +0 cloak (melded)
 j - a +0 pair of boots (melded)
 v - +1 steam dragon scales (melded)
 C - a +2 pair of gloves (melded)
Magical Staves
 y - a staff of fire
Wands
 p - a wand of flame (13)
 D - a wand of digging (8)
 F - a wand of light (4)
Scrolls
 b - 2 scrolls of amnesia
 e - 2 scrolls of noise
 r - a scroll of immolation
 t - a scroll of teleportation
 u - a scroll of poison
 B - a scroll of revelation
Potions
 g - a potion of lignification
 q - 2 potions of curing
Miscellaneous
 s - a phantom mirror


   Skills:
 * Level 7.8 Fighting
 * Level 5.0 Long Blades
 * Level 7.8(8.4) Axes
 + Level 4.2(6.2) Polearms
 * Level 8.5 Armour
 * Level 6.4 Dodging
 + Level 4.1 Stealth
 + Level 3.8 Spellcasting
 + Level 5.7 Evocations


You had 5 spell levels left.
You knew the following spells:

 Your Spells              Type           Power      Damage    Failure   Level
a - Animate Armour        Summ/Erth      6%         N/A       80%         4
b - Lehudib's Crystal Sp  Conj/Erth      1%         10d2      100%        8

Your spell library contained the following spells:

 Spells                   Type           Power      Damage    Failure   Level
 Ensorcelled Hibernation  Hex/Ice        6%         N/A       22%         2
 Scorch                   Fire           6%         2d5       22%         2
 Static Discharge         Conj/Air       6%         3-4/arc   22%         2
 Hailstorm                Conj/Ice       3%         3d5       38%         3
 Passwall                 Erth           3%         N/A       38%         3
 Stone Arrow              Conj/Erth      6%         3d7       38%         3
 Summon Ice Beast         Ice/Summ       3%         N/A       38%         3
 Swiftness                Air            3%         N/A       38%         3
 Airstrike                Air            1%         2d(1-17)  80%         4
 Flame Wave               Conj/Fire      3%         2d5       80%         4
 Summon Blazeheart Golem  Fire/Summ      3%         N/A       80%         4
 Summon Lightning Spire   Summ/Air       3%         N/A       80%         4
 Sculpt Simulacrum        Ice/Alch       1%         N/A       100%        6
 Summon Cactus Giant      Summ           1%         N/A       100%        6
 Orb of Destruction       Conj           1%         9d5       100%        7
 Spellforged Servitor     Conj/Summ      1%         N/A       100%        7


Dungeon Overview and Level Annotations

Branches:
Dungeon (10/15)            Temple (1/1) D:4            Lair (0/5) D:9
    Orc: D:9-12

Altars:
Ashenzari
Cheibriados
Dithmenos
Elyvilon
Fedhas
Gozag
Hepliaklqana
Kikubaaqudgha
Makhleb
Nemelex Xobeh
Okawaru
Qazlal
Ru
Sif Muna
Trog
Uskayaw
Vehumet
Wu Jian
Xom
Yredelemnul
Zin
The Shining One

Shops:
D:8 (


Innate Abilities, Weirdness & Mutations

You are a tree.
Your roots penetrate the ground, keeping you stationary.
You cannot be teleported.
You are immune to unholy pain and torment.
Your maximum health is greatly increased.
Your equipment is partially melded.
You can wield a second weapon in your off-hand.
It takes a long time for you to wield or remove held weapons.
Your first few attacks do less damage.
((You cannot equip rings or amulets.))
You have supernaturally acute eyesight. (SInv)
You are agile. (Dex +4, Str/Int -1)
((Your flesh is heat resistant. (rF+)))
Your magical capacity is low. (-10% MP)
You are strong-willed. (Will+)
You passively map a small area around you.
((Your system is resistant to poisons. (rPois)))


Message History

Your +11 hand axe of Floods {spect, *Slow Str+2 Int+6} closely misses the wraith.
Your +11 hand axe of Floods {spect, *Slow Str+2 Int+6} hits the wraith but does no damage.
Your +11 hand axe of Floods {spect, *Slow Str+2 Int+6} hits the hellwing but does no damage.
A nearby demonic plant withers and dies.
The wraith hits you but does no damage. The red devil misses you.
The hellwing hits your +11 hand axe of Floods {spect, *Slow Str+2 Int+6}!
Your spectral weapon shares its damage with you!
* * * LOW HITPOINT WARNING * * *
The hellwing hits your +11 hand axe of Floods {spect, *Slow Str+2 Int+6} but does no damage.
The wraith hits you but does no damage.
Your Long Blades skill increases to level 5!
You take 5 damage, and have 7/86 hp.
You turn into a tree.
Your +0 cloak melds into your body.
Your +2 pair of gloves melds into your body.
Your +0 pair of boots melds into your body.
Your +1 steam dragon scales melds into your body.
Your roots penetrate the ground.
Your +11 hand axe of Floods {spect, *Slow Str+2 Int+6} disappears.
The red devil hits you but does no damage.
The hellwing barely misses you.
The hellwing hits you but does no damage.
The wraith completely misses you.
You now have 11/129 hp.
You closely miss the hellwing with the +12 falchion "Waown".
The hellwing is almost dead.
You hit the wraith with the +12 falchion "Waown".
You closely miss the hellwing with the +11 hand axe of Floods.
You hit the wraith but do no damage.
Your +11 hand axe of Floods {spect, *Slow Str+2 Int+6} hits the hellwing but does no damage.
Your +11 hand axe of Floods {spect, *Slow Str+2 Int+6} closely misses the red devil.
Your +11 hand axe of Floods {spect, *Slow Str+2 Int+6} hits the wraith.
Your +11 hand axe of Floods {spect, *Slow Str+2 Int+6} hits the hellwing!
You kill the hellwing!
The red devil hits you from afar with a +0 trident.
* * * LOW HITPOINT WARNING * * *
More barbed spikes become lodged in your body.
The wraith hits you but does no damage.
The red devil hits you from afar with a +0 trident!
You die...
Xom is highly amused!

#...# #####
###.##.....P# * ###
#..#$.~~..# * ..#
##.#.~~~~.# * , #.#
#######'#.~~~~.# *
#.###,..........~..~.#
#...+ .........4.....#
,
..###,.............##
### *,..........♣<+..
.........W(.# . ,
............# * ,
*############# ,


You could see a wraith, a red devil and a friendly +11 hand axe of Floods
{spect, *Slow Str+2 Int+6}.

Vanquished Creatures
  A death yak (D:9)
  Pikel (D:8)
  An ugly thing (D:9)
  A manticore (D:9)
  An orange demon (D:10)
  4 hellwings (D:10)
  A troll (D:9)
  A ynoxinul (D:10)
  3 wyverns
  A wraith (D:9)
  13 yaks
  A vampire (D:10)
  A steam dragon (D:7)
  2 acid dragons (D:9)
  3 water moccasins
  An orc warrior (D:10)
  4 black bears
  2 sky beasts
  4 ogres
  A phantom (D:6)
  5 bullfrogs
  A scorpion (D:5)
  2 kobold brigands
  2 gnoll sergeants
  6 killer bees (D:8)
  A howler monkey (D:9)
  3 bombardier beetles
  2 jellies
  An orc priest (D:9)
  Crazy Yiuf (D:7)
  3 hounds
  A sleepcap (D:4)
  Ijyb (D:4)
  Natasha (thrice) (D:3)
  3 orc wizards
  8 gnolls
  3 adders
  A shadow imp (D:7)
  4 white imps
  2 ufetubi (D:6)
  2 dart slugs
  A ribbon worm (D:3)
  20 orcs
  5 bats (D:1)
  4 endoplasms
  2 giant cockroaches (D:4)
  4 goblins
  7 hobgoblins
  4 jackals
  3 quokkas
  4 ball pythons
  7 frilled lizards
  9 kobolds
  6 rats
178 creatures vanquished.

Vanquished Creatures (collateral kills)
  A two-headed ogre (D:5)
  3 yaks (D:10)
  An adder (D:5)
  2 orcs (D:5)
7 creatures vanquished.

Vanquished Creatures (others)
  A centaur (D:5)
1 creature vanquished.

Grand Total: 186 creatures vanquished

Notes
Turn   | Place    | Note
-------+----------+-------------------------------------------
     0 | D:1      | ezpacito the Coglin Chaos Knight began the quest for the
                  | Orb.
     0 | D:1      | Reached XP level 1. HP: 18/18 MP: 1/1
    40 | D:1      | Reached skill level 1 in Dodging
    59 | D:1      | Reached XP level 2. HP: 22/24 MP: 2/2
   158 | D:1      | Reached skill level 2 in Armour
   506 | D:1      | XOM: god gift: scroll labelled LUMOYNO GIQAE {god gift}
   585 | D:2      | Reached XP level 3. HP: 29/29 MP: 3/3
   691 | D:2      | XOM: silly message
  1052 | D:2      | Identified the +12 falchion "Waown" {freeze, +Blink rC+
                  | SInv}
  1156 | D:3      | Found a stormy altar of Qazlal.
  1156 | D:3      | Noticed a fire elemental
  1160 | D:3      | Noticed a water elemental
  1160 | D:3      | Noticed an air elemental
  1160 | D:3      | Noticed an earth elemental
  1164 | D:3      | XOM: cloud trail
  1190 | D:3      | Noticed Natasha
  1195 | D:3      | Killed Natasha
  1196 | D:3      | Reached skill level 1 in Stealth
  1196 | D:3      | Reached XP level 4. HP: 25/35 MP: 4/4
  1364 | D:3      | Noticed Natasha
  1370 | D:3      | Killed Natasha
  1417 | D:3      | Reached XP level 5. HP: 39/41 MP: 5/5
  1758 | D:3      | XOM: enchant monster (good)
  1759 | D:3      | XOM: enchant monster (good)
  1763 | D:3      | Reached skill level 1 in Polearms
  1847 | D:3      | XOM: give mutations
  1847 | D:3      | Gained mutation: You have hidden genetic defects. [Xom's
                  | mischief]
  1847 | D:3      | Gained mutation: You are strong-willed. (Will+) [Xom's
                  | mischief]
  1847 | D:3      | Gained mutation: You are vulnerable to cold. (rC-) [Xom's
                  | mischief]
  1847 | D:3      | Lost mutation: You have hidden genetic defects. [Xom's
                  | mischief]
  1853 | D:4      | XOM: stealth player
  1897 | D:3      | Noticed Natasha
  1907 | D:3      | Killed Natasha
  1934 | D:4      | Reached skill level 1 in Long Blades
  1939 | D:4      | Noticed Ijyb
  1997 | D:4      | Noticed an ogre
  1999 | D:4      | Killed Ijyb
  2000 | D:4      | Reached XP level 6. HP: 12/48 MP: 7/7
  2023 | D:3      | XOM: give mutation
  2023 | D:3      | Gained mutation: Your mind is acute. (Int +4, Str/Dex -1)
                  | [Xom's grace]
  2025 | D:3      | XOM: give mutations
  2025 | D:3      | Gained mutation: You are agile. (Dex +4, Str/Int -1) [Xom's
                  | grace]
  2025 | D:3      | Gained mutation: You passively map a small area around you.
                  | [Xom's grace]
  2025 | D:3      | Gained mutation: You passively map the area around you.
                  | [Xom's grace]
  2025 | D:3      | Gained mutation: You have a pair of small horns on your
                  | head. [Xom's grace]
  2140 | D:4      | XOM: destruction
  2143 | D:4      | Reached skill level 1 in Spellcasting
  2143 | D:4      | Reached skill level 1 in Evocations
  2271 | D:4      | XOM: scenery: 1 doors open
  2473 | D:4      | Found a staircase to the Ecumenical Temple.
  2709 | Temple   | Entered the Ecumenical Temple
  2722 | D:5      | Entered Level 5 of the Dungeon
  2728 | D:5      | Reached skill level 3 in Armour
  2788 | D:5      | Reached XP level 7. HP: 44/54 MP: 8/8
  2911 | D:5      | XOM: confuse monster(s)
  2911 | D:5      | Noticed a two-headed ogre
  2920 | D:5      | Killed a two-headed ogre
  2921 | D:5      | Reached skill level 5 in Fighting
  2921 | D:5      | Reached skill level 5 in Axes
  2921 | D:5      | Reached skill level 4 in Armour
  2921 | D:5      | Reached XP level 8. HP: 11/62 MP: 10/10
  3016 | D:5      | XOM: scenery: create altars
  3167 | D:5      | XOM: god gift: phantom mirror
  3294 | D:5      | Found a sparkling altar of Nemelex Xobeh.
  3898 | D:6      | Reached XP level 9. HP: 68/68 MP: 12/12
  3923 | D:6      | XOM: god gift: 2 cyan potions {god gift}
  3965 | D:6      | XOM: summons friendly crimson imp
  4008 | D:6      | XOM: 4-stop teleportation journey
  4069 | D:6      | XOM: cloud trail
  4371 | D:6      | XOM: cloud trail
  4389 | D:6      | XOM: god gift: scroll of enchant armour
  4854 | D:7      | XOM: divination: detect items
  5032 | D:7      | XOM: noise
  5039 | D:7      | Reached skill level 5 in Armour
  5140 | D:7      | XOM: give mutations
  5140 | D:7      | Gained mutation: You are very agile. (Dex +8, Str/Int -2)
                  | [Xom's grace]
  5140 | D:7      | Gained mutation: You are partially covered in iridescent
                  | scales. (AC +2) [Xom's grace]
  5140 | D:7      | Gained mutation: Your mind is very acute. (Int +8, Str/Dex
                  | -2) [Xom's grace]
  5140 | D:7      | Gained mutation: Your system is resistant to poisons.
                  | (rPois) [Xom's grace]
  5239 | D:7      | Found a runed translucent door.
  5240 | D:7      | Noticed Crazy Yiuf
  5335 | D:7      | Found a glowing silver altar of Zin.
  5408 | D:7      | Learned a level 4 spell: Animate Armour
  5417 | D:7      | Learned a level 8 spell: Lehudib's Crystal Spear
  5780 | D:7      | Found a bloodstained altar of Trog.
  5784 | D:7      | Found a shimmering blue altar of Sif Muna.
  5956 | D:7      | XOM: god gift: 684 gold pieces
  6215 | D:7      | Killed Crazy Yiuf
  6281 | D:8      | XOM: enchant monster (good)
  6781 | D:8      | Noticed Pikel
  6781 | D:8      | XOM: noise
  6789 | D:8      | Killed Pikel
  6790 | D:8      | Reached skill level 6 in Armour
  6826 | D:8      | Found Lonod's Antique Weapon Shoppe.
  6834 | D:8      | Bought a masterwork hand axe for 232 gold pieces
  6834 | D:8      | Identified the +11 hand axe of Floods {spect, *Slow Str+2
                  | Int+6} (You bought it in a shop on level 8 of the Dungeon)
  6979 | D:8      | Found an ornate altar of the Wu Jian Council.
  7071 | D:8      | Reached XP level 10. HP: 70/77 MP: 14/14
  7076 | D:8      | XOM: cloud trail
  7332 | D:8      | Reached skill level 5 in Dodging
  7388 | D:8      | Lost mutation: You are vulnerable to cold. (rC-) [potion of
                  | mutation]
  7388 | D:8      | Lost mutation: You have a pair of small horns on your head.
                  | [potion of mutation]
  7388 | D:8      | Lost mutation: Your mind is very acute. (Int +8, Str/Dex
                  | -2) [potion of mutation]
  7388 | D:8      | Gained mutation: You do not regenerate when monsters are
                  | visible. [potion of mutation]
  7497 | D:9      | Noticed a death yak
  7498 | D:9      | Found a staircase to the Lair.
  7512 | D:9      | XOM: divination: detect items
  7517 | D:9      | Killed a death yak
  7524 | D:9      | XOM: enchant monster (bad)
  7542 | D:9      | Reached skill level 7 in Armour
  7875 | D:9      | Noticed a cyan ugly thing
  7878 | D:9      | Noticed a manticore
  8039 | D:9      | XOM: god gift: 2 potions of mutation
  8041 | D:9      | Lost mutation: You passively map the area around you.
                  | [potion of mutation]
  8041 | D:9      | Lost mutation: You are very agile. (Dex +8, Str/Int -2)
                  | [potion of mutation]
  8041 | D:9      | Lost mutation: You are partially covered in iridescent
                  | scales. (AC +2) [potion of mutation]
  8041 | D:9      | Gained mutation: Your magical capacity is low. (-10% MP)
                  | [potion of mutation]
  8041 | D:9      | Gained mutation: You have supernaturally acute eyesight.
                  | (SInv) [potion of mutation]
  8042 | D:9      | Lost mutation: You do not regenerate when monsters are
                  | visible. [potion of mutation]
  8042 | D:9      | Lost mutation: Your mind is acute. (Int +4, Str/Dex -1)
                  | [potion of mutation]
  8042 | D:9      | Gained mutation: Your flesh is heat resistant. (rF+)
                  | [potion of mutation]
  8111 | D:9      | XOM: confuse monster(s)
  8119 | D:9      | Killed a cyan ugly thing
  8120 | D:9      | Reached skill level 5 in Evocations
  8350 | D:9      | XOM: silly message
  8517 | D:9      | XOM: smoke on damage
  8774 | D:9      | XOM: silly message
  8894 | D:9      | Killed a manticore
  8895 | D:9      | Reached XP level 11. HP: 67/84 MP: 14/14
  8953 | D:9      | XOM: noise
  9079 | D:10     | Entered Level 10 of the Dungeon
  9079 | D:10     | Found a hide-covered altar of Uskayaw.
  9181 | D:10     | Reached skill level 8 in Armour
  9196 | D:10     | Found a glowing golden altar of the Shining One.
  9230 | D:10     | XOM: divination: magic mapping
  9245 | D:10     | XOM: cast spell 'Leda's Liquefaction'
  9287 | D:10     | XOM: noise
  9426 | D:10     | XOM is BORED!
  9443 | D:10     | XOM: cast spell 'Summon Horrible Things'
  9558 | D:10     | XOM: cleaving
  9560 | D:10     | XOM: polymorph rust devil -> white imp
  9767 | D:10     | XOM: cleaving
  9768 | D:10     | XOM: destruction
  9773 | D:10     | Reached skill level 5 in Long Blades
  9774 | D:10     | Slain by a red devil

Illustrated notes

Levels and vault maps discovered:
D:1:      psy_arrival_statuary, layout_basic, minmay_tetromino_s2
D:2:      layout_loops_cross
D:3:      layout_basic, nicolae_qazlal_style_of_elements, uniq_natasha
D:4:      layout_basic, minmay_temple_entry_ruins, uniq_ijyb
D:5:      layout_basic, nemelex_altar_shiori, minmay_manual_mandibuliform
D:6:      layout_cave_pods
D:7:      layout_layer_cave, hellmonk_overflow_destroyed_library,
          zin_scriptorium, uniq_crazy_yiuf_cottage
D:8:      layout_rooms, nicolae_wu_jian_glorious_leap, serial_shops,
          nicolae_shop_statue_plus, kennysheep_flooded_box, uniq_pikel
D:9:      minmay_bloctagon_deflated, layout_basic, david_lair_generic,
          st_stairs_9
D:10:     layout_roguey, mainiacjoe_overflow_boulevard,
          mainiacjoe_overflow_24_doors, serial_demonic, serial_demonic_e,
          serial_demonic_e, serial_demonic_a, serial_demonic_f
Temple:   compressed_dpeg_circular_temple

Skill      XL: |  1  2  3  4  5  6  7  8  9 10 11 |
---------------+----------------------------------+-----
Dodging        | 1 2 3 4 6 |  6.4
Armour         | 2 3 4 6 7 8 |  8.5
Stealth        | 1 2 3 4 |  4.1
Polearms       | 1 2 3 4 |  4.2
Long Blades    | 1 2 3 4 5 |  5.0
Spellcasting   | 1 2 3 |  3.8
Evocations     | 1 2 3 4 5 |  5.7
Fighting       | 4 5 6 7 |  7.8
Axes           | 4 5 6 7 |  7.8

Action                     |  1- 3 |  4- 6 |  7- 9 | 10-12 || total
---------------------------+-------+-------+-------+-------++-------
  Melee: Hand axe          |    46 |    52 |    81 |   128 ||   307
         Dagger            |    22 |       |       |       ||    22
         Spear             |    11 |       |       |       ||    11
         Falchion          |     4 |    62 |    98 |   128 ||   292
         Headbutt          |       |     5 |    19 |       ||    24
  Evoke: Wand              |       |       |    13 |       ||    13
    Use: Scroll            |       |     4 |    15 |     3 ||    22
         Potion            |       |     3 |     7 |    16 ||    26
   Stab: Confused          |     1 |       |     1 |       ||     2
         Distracted        |       |     1 |     1 |     1 ||     3
         Sleeping          |       |     1 |       |     2 ||     3
 Armour: Leather armour    |    27 |    53 |    43 |       ||   123
         Skin              |       |     1 |    11 |     5 ||    17
         Steam dragon scal |       |       |    74 |   152 ||   226
         Scale mail        |       |       |     8 |       ||     8
  Dodge: Dodged            |    33 |    47 |   142 |   142 ||   364

Table legend: (Time is in decaauts)
 A = Elapsed time spent in this place.
 B = Non-inter-level travel time spent in this place.
 C = Inter-level travel time spent in this place.
 D = Time resting spent in this place.
 E = Time spent auto-exploring this place.
 F = Levels seen in this place.
 G = Mean time per level.
                   A        B        C        D        E       F      G
               +--------+--------+--------+--------+--------+-----+--------+
         Total |   9781 |   9306 |    475 |   1791 |   6026 |  11 |  889.2 |
       Dungeon |   9779 |   9305 |    474 |   1791 |   6026 |  10 |  977.9 |
        Temple |      1 |      1 |      0 |      0 |      0 |   1 |    1.0 |
               +--------+--------+--------+--------+--------+-----+--------+

Top non-repeatable levels by time:
     D:9: 1660 daAuts
     D:7: 1547 daAuts
     D:8: 1138 daAuts
     D:3: 1019 daAuts
     D:5: 1013 daAuts
     D:6: 1001 daAuts
    D:10: 700 daAuts
     D:4: 599 daAuts
     D:2: 574 daAuts
     D:1: 524 daAuts
  Temple: 1 daAuts
